Map: Pride of Altaris LE

Players

ElmerFudd

  • Race: Zerg Zerg
  • League: Master
  • Spawn Location: 11:00

Warthog - Winner!

  • Race: Terran Terran
  • League: Master
  • Spawn Location: 5:00

VOD

Have the link to the VOD?

Description

Time

  • Played on: Jan. 11, 2022, 7:13 p.m.
  • Length: 9:19
Show
View Real Time Build Order
Export as new Build Order

ElmerFudd Zerg 

Build Orders: Hatch First, Zergling Baneling 

Get SALT Encoding   

  12  0:00  Drone  
  13  0:08  Drone  
  14  0:16  Overlord  
  14  0:35  Drone x3  
  17  0:54  Hatchery  
  16  0:59  Extractor  
  15  1:08  Spawning Pool  
  15  1:10  Drone  
  15  1:14  Drone  
  15  1:17  Drone  
  17  1:26  Drone  
  18  1:33  Drone  
  19  1:42  Overlord  
  19  1:54  Queen  
  19  2:00  Metabolic Boost  
  21  2:05  Queen  
  21  2:07  Drone  
  24  2:11  Zergling x2  
  24  2:12  Zergling x2  
  26  2:17  Zergling x2  
  27  2:30  Spore Crawler  
  26  2:45  Zergling x10  
  26  2:51  Baneling Nest  
  31  2:58  Zergling x4  
  31  3:01  Zergling x2  
  33  3:07  Zergling x2  
  33  3:11  Zergling x2  
  35  3:14  Overlord  
  35  3:15  Overlord  
  35  3:39  Baneling  
  35  3:40  Baneling x7  
  35  3:42  Zergling x8  
  39  3:50  Zergling x4  
  39  3:53  Zergling x2  
  39  3:55  Zergling x2  
  33  4:11  Zergling x8  
  33  4:13  Zergling x2  
  34  4:26  Drone x3  
  35  4:33  Drone  
  35  4:34  Drone  
  34  4:48  Drone x2  
  32  4:55  Zergling x2  
  32  4:56  Zergling x2  
  32  4:59  Lair  
  33  5:00  Spine Crawler  
  33  5:03  Drone  
  33  5:04  Drone  
  34  5:07  Drone  
  35  5:15  Evolution Chamber  
  35  5:19  Drone x2, Evolution Chamber  
  35  5:25  Drone x2  
  37  5:39  Drone x3  
  37  5:40  Drone x3  
  37  5:41  Drone  
  44  5:49  Drone x4  
  48  5:54  Drone, Extractor  
  48  5:55  Extractor  
  47  6:00  Hydralisk Den  
  47  6:01  Drone  
  47  6:04  Zerg Missile Weapons Level 1  
  47  6:09  Drone x2  
  47  6:10  Drone, Extractor  
  49  6:13  Drone  
  49  6:14  Drone  
  51  6:27  Drone  
  51  6:28  Overlord x3  
  50  6:41  Hydralisk, Spine Crawler  
  50  6:43  Overlord  
  50  6:46  Hydralisk  
  50  6:47  Hydralisk x2  
  51  6:51  Grooved Spines  
  57  7:03  Hydralisk x3  
  57  7:04  Hydralisk  
  62  7:18  Drone x2  
  62  7:19  Drone x4  
  65  7:25  Nydus Network  
  65  7:26  Drone  
  65  7:41  Hydralisk x2  
  65  7:42  Hydralisk x2  
  73  7:48  Zergling x4  
  73  7:49  Zergling x2  
  76  8:00  Overseer  
  76  8:02  Hydralisk x3  
  82  8:18  Zergling x2, Overlord x2  
  82  8:19  Zergling x2  
  84  8:24  Nydus Canal  
  84  8:25  Overlord  
  84  8:32  Overlord  
  84  8:47  Hatchery  
Show
View Real Time Build Order
Export as new Build Order

Warthog Terran - Winner!

Build Orders: Hellion Opening, Reaper Expand, Mech 

Get SALT Encoding   

  12  0:00  SCV  
  13  0:12  SCV  
  14  0:17  Supply Depot  
  14  0:25  SCV  
  15  0:39  SCV  
  15  0:40  Barracks  
  16  0:44  Refinery  
  16  0:51  SCV  
  17  1:03  SCV  
  18  1:15  SCV  
  19  1:29  Reaper, Orbital Command  
  20  1:43  Command Center  
  20  1:55  Supply Depot, SCV  
  21  2:01  Marine  
  21  2:08  SCV  
  23  2:11  Factory  
  23  2:17  Refinery  
  23  2:20  SCV  
  24  2:25  Barracks Reactor  
  24  2:32  SCV  
  25  2:44  SCV  
  26  2:55  Orbital Command  
  26  2:56  SCV  
  27  3:01  Starport  
  27  3:08  SCV  
  27  3:11  Hellion  
  27  3:12  Hellion  
  32  3:16  Marine  
  33  3:22  SCV x2  
  36  3:34  Hellion x2  
  38  3:46  Engineering Bay  
  38  3:48  Engineering Bay  
  38  3:51  Engineering Bay  
  38  3:55  Engineering Bay  
  37  3:57  Hellion x2  
  37  3:58  SCV  
  42  4:07  Orbital Command  
  35  4:10  SCV  
  35  4:14  Engineering Bay  
  35  4:22  Hellion  
  37  4:28  Orbital Command  
  37  4:40  SCV  
  38  4:46  Hellion  
  38  5:09  Supply Depot  
  38  5:31  SCV x2, Hellion x2  
  44  5:42  Supply Depot  
  44  5:43  SCV x2  
  44  5:48  Command Center  
  46  5:51  Supply Depot  
  46  6:03  Liberator, SCV  
  46  6:04  Hellion x2, Armory  
  54  6:05  Supply Depot  
  54  6:13  SCV  
  54  6:15  SCV  
  56  6:21  Factory  
  56  6:25  SCV  
  57  6:27  SCV  
  57  6:29  Factory  
  54  6:37  SCV  
  54  6:39  SCV  
  56  6:47  Refinery  
  56  6:48  Refinery  
  56  6:49  SCV  
  56  6:51  Factory  
  56  6:53  SCV, Factory  
  58  7:01  SCV  
  58  7:03  Orbital Command  
  58  7:05  SCV  
  60  7:09  Factory Tech Lab  
  60  7:13  SCV  
  61  7:26  SCV x2  
  61  7:27  Factory Tech Lab  
  63  7:31  SCV  
  64  7:38  Supply Depot, Factory Tech Lab x2  
  64  7:41  Supply Depot, Siege Tank  
  64  7:43  SCV x2  
  69  7:45  Supply Depot, Orbital Command  
  69  7:55  SCV x2  
  69  7:57  Siege Tank  
  74  7:59  Cyclone  
  74  8:00  Siege Tank  
  74  8:02  Hellion x2  
  84  8:09  Armory  
  84  8:10  SCV x2  
  86  8:14  SCV  
  87  8:21  Supply Depot  
  87  8:22  SCV x2  
  89  8:27  Refinery  
  89  8:30  SCV  
  89  8:31  Refinery, Siege Tank  
  89  8:33  Siege Tank  
  89  8:34  SCV, Siege Tank  
  100  8:50  Hellion x2  
  100  8:52  SCV  
Tags
 
Add a new tag
Caveats
  • Supply blocks, unpowered buildings, or Contaminate may cause inaccurate times.
  • Supply counts are checked every 10 seconds.